 Dungeon Crawl Stone Soup version 0.26-a0-606-g3c8f2f65f7 (webtiles) character file.

Game seed: 10422812526457130268

98 MrRokkomies the Stinger (level 4, -1/33 HPs)
             Began as a Demigod Wanderer on Sept 2, 2020.
             Slain by an ogre
             ... wielding a +0 giant spiked club
              (15 damage)
             ... on level 3 of the Dungeon.
             The game lasted 00:04:18 (2356 turns).

MrRokkomies the Stinger (Demigod Wanderer)          Turns: 2356, Time: 00:04:18

Health: -1/33      AC:  6    Str: 12    XL:     4   Next: 20%
Magic:  8/8        EV: 11    Int: 20    God:
Gold:   94         SH:  5    Dex: 16    Spells: 2/5 levels left

rFire    + . .     SeeInvis .   j - +0 long sword
rCold    . . .     Faith    .   b - +0 buckler
rNeg     . . .     Spirit   .   c - +0 robe
rPois    .         Reflect  .   (no helmet)
rElec    .         Harm     .   (no cloak)
rCorr    .                      (no gloves)
MR       .....                  (no boots)
Stlth    ++........             (no amulet)
HPRegen  0.11/turn              g - +4 ring of protection
MPRegen  0.11/turn              e - ring of protection from fire

@: no status effects
A: high mp 1
a: no special abilities


You were on level 3 of the Dungeon.
You visited 1 branch of the dungeon, and saw 3 of its levels.

You collected 94 gold pieces.

Inventory:

Hand Weapons
 a - a +0 dagger
 j - a +0 long sword (weapon)
Armour
 b - a +0 buckler (worn)
 c - a +0 robe (worn)
Jewellery
 e - a ring of protection from fire (right hand)
 g - a +4 ring of protection (left hand)
Potions
 d - a potion of mutation
 f - a potion of cancellation
 i - a potion of flight {unknown}


   Skills:
 - Level 1.0 Stealth
 * Level 2.8 Shields
 - Level 1.0 Spellcasting
   Level 1.7 Summonings
 * Level 5.3 Poison Magic


You had 2 spell levels left.
You knew the following spells:

 Your Spells              Type           Power        Failure   Level
a - Sting                 Tmut/Pois      ##..         7%          1
b - Poisonous Vapours     Pois/Air       ##....       10%         2

Your spell library contained the following spells:

 Spells                   Type           Power        Failure   Level
 Olgreb's Toxic Radiance  Pois           ###.....     22%         4
 Ignite Poison            Fire/Tmut/Pois #.......     28%         3
 Mephitic Cloud           Conj/Pois/Air  #.......     28%         3


Dungeon Overview and Level Annotations

Branches:
Dungeon (3/15)


Innate Abilities, Weirdness & Mutations

You have an increased reservoir of magic. (+10% MP)


Message History

You see here a long sword.
j - a long sword
j - a +0 long sword (weapon)
A rat comes into view.
An ogre comes into view. It is wielding a +0 giant spiked club.
You block the rat's attack.
Found 6 gold pieces.
You barely miss the rat.
The ogre shouts!
The rat closely misses you.
You hit the rat.
You kill the rat!
The ogre hits you with a +0 giant spiked club!!
Ouch! That really hurt!
* * * LOW HITPOINT WARNING * * *
There is a stone staircase leading up here.
You aren't carrying any scrolls.
You feel better.
The ogre hits you with a +0 giant spiked club!
You die...

#####.#..
......).#### #.#
#....# ..# #.#
#....# #.# #.#
#....# #.# #.#
#....# #.# #.#
##..######.# #.#
##.....##.# #.#
#####
#.@##.##.#####.####
....#
##O##.##...........
###.#
#..............(##
<...#
#..#.....#####..#.
.#.### #..####.##
#...... ..>..####
........# #.#
#.#.... .#.#....#
..#####.#
##+####'#....
........# .$.
#............
.#.#....+
....#..........).


You could see an ogre.

Vanquished Creatures
  3 gnolls (D:2)
  2 adders
  An ooze (D:1)
  2 worms
  A dart slug (D:3)
  8 goblins
  5 hobgoblins
  3 jackals (D:1)
  4 bats
  5 kobolds
  5 rats
39 creatures vanquished.

Notes
Turn   | Place    | Note
-------+----------+-------------------------------------------
     0 | D:1      | MrRokkomies the Demigod Wanderer began the quest for the
                  | Orb.
     0 | D:1      | MrRokkomies set off with the following items: a +0 dagger,
                  | a +0 buckler, a +0 robe; and the following spell memorised:
                  | Sting; and the following spells available to memorise:
                  | Poisonous Vapours, Olgreb's Toxic Radiance, Ignite Poison,
                  | Mephitic Cloud
     0 | D:1      | Reached XP level 1. HP: 14/14 MP: 4/4
   562 | D:1      | Reached XP level 2. HP: 20/20 MP: 5/5
   579 | D:1      | Learned a level 2 spell: Poisonous Vapours
   898 | D:1      | You fall into a shaft and drop 1 floor!
  1324 | D:2      | Reached skill level 5 in Poison Magic
  1324 | D:2      | Reached XP level 3. HP: 26/26 MP: 3/6
  2099 | D:3      | Reached XP level 4. HP: 33/33 MP: 6/8
  2347 | D:3      | Noticed an ogre
  2356 | D:3      | Slain by an ogre

Illustrated notes

Levels and vault maps discovered:
D:1:      dpeg_arrival_long_road, layout_basic
D:2:      layout_basic
D:3:      layout_basic, cheibriados_altar_1, hangedman_glass_teeth,
          st_stairs_11, roderic_lattice_a

Skill      XL: |  1  2 |
---------------+-------+-----
Shields        | 2 |  2.8
Poison Magic   | 5 |  5.3
Stealth        | |  1.0
Spellcasting   | |  1.0
Summonings     | |  1.7

Action                   |  1- 3 |  4- 6 || total
-------------------------+-------+-------++-------
Melee: Dagger            |    65 |    27 ||    92
       Long sword        |       |     2 ||     2
 Cast: Sting             |    54 |    12 ||    66
  Use: Scroll            |     5 |       ||     5
       Potion            |       |     1 ||     1
 Stab: Sleeping          |     1 |       ||     1
Armor: Robe              |    17 |    10 ||    27
Dodge: Dodged            |    46 |    11 ||    57
Block: Buckler           |    18 |     9 ||    27

Table legend: (Time is in decaauts)
 A = Elapsed time spent in this place.
 B = Non-inter-level travel time spent in this place.
 C = Inter-level travel time spent in this place.
 D = Time resting spent in this place.
 E = Time spent auto-exploring this place.
 F = Levels seen in this place.
 G = Mean time per level.
                   A        B        C        D        E       F      G
               +--------+--------+--------+--------+--------+-----+--------+
         Total |   2356 |   2326 |     30 |      0 |   2015 |   3 |  785.3 |
       Dungeon |   2356 |   2326 |     30 |      0 |   2015 |   3 |  785.3 |
               +--------+--------+--------+--------+--------+-----+--------+

Top non-repeatable levels by time:
     D:2: 1145 daAuts
     D:1: 898 daAuts
     D:3: 312 daAuts
